 Dungeon Crawl Stone Soup version 0.30-a0-857-gcaf70739d4 (webtiles) character file.

Game seed: 2262738302263507705

13998 greenreed the Basher (level 11, -24/101 HPs)
             Began as a Minotaur Fighter on Mar 5, 2023.
             Was an Elder of Makhleb.
             Annihilated by a very large slime creature (45 damage)
             ... on level 12 of the Dungeon.
             The game lasted 00:29:12 (12206 turns).

greenreed the Basher (Minotaur Fighter)            Turns: 12206, Time: 00:29:13

Health: -24/101    AC: 16    Str: 24    XL:     11   Next: 82%
Magic:  17/17      EV:  7    Int:  5    God:    Makhleb [****..]
Gold:   1942       SH: 14    Dex: 11    Spells: 8/10 levels left

rFire   + . .      SeeInvis .    n - +2 whip (elec)
rCold   + . .      Faith    .    F - +0 tower shield
rNeg    . . .      Spirit   .    t - +3 chain mail
rPois   .          Reflect  .    (helmet restricted)
rElec   .          Rampage  .    G - scarf {rC+ rF+}
rCorr   +                        u - +0 pair of gloves
Will    +....                    (no boots) Stlth
                                 (no amulet)
HPRegen 0.36/turn                m - ring of resist corrosion
MPRegen 0.15/turn                o - ring of willpower

@: no status effects
A: horns 2, retaliatory headbutt
a: Renounce Religion, Minor Destruction, Lesser Servant of Makhleb, Major
Destruction


You were on level 12 of the Dungeon.
You worshipped Makhleb.
Makhleb was greatly pleased with you.
You visited 2 branches of the dungeon, and saw 13 of its levels.

You collected 2212 gold pieces.
You spent 270 gold pieces at shops.

Inventory:

Hand Weapons
 a - a +0 flail
 n - a +2 whip of electrocution (weapon)
 C - a +0 whip of pain
Armour
 c - a +0 buckler
 s - the +0 leather armour of Insecurity {Fly rElec rC+}
   (You took it off a goblin on level 4 of the Dungeon)

   rC:        It protects you from cold.
   rElec:     It insulates you from electricity.
   Fly:       It grants you flight.
 t - a +3 chain mail (worn)
 u - a +0 pair of gloves (worn)
 F - a +0 tower shield (worn)
 G - a scarf of resistance (worn)
Jewellery
 m - a ring of resist corrosion (left hand)
 o - a ring of willpower (right hand)
 H - a ring of magical power
Wands
 w - a wand of flame (29)
 D - a wand of iceblast (14)
 J - a wand of mindburst (5)
 L - a wand of digging (7)
 M - a wand of acid (4)
 N - a wand of charming (6)
Scrolls
 b - 3 scrolls of immolation
 e - 3 scrolls of enchant weapon {unknown}
 f - 2 scrolls of fog {unknown}
 g - 7 scrolls of teleportation
 i - 2 scrolls of torment {unknown}
 j - 3 scrolls of amnesia
 q - a scroll of noise
 r - 5 scrolls of fear
 v - a scroll of poison
 y - a scroll of blinking
 z - a scroll of brand weapon {unknown}
 B - 3 scrolls of silence
 I - a scroll of butterflies {unknown}
 K - 2 scrolls of magic mapping
 P - 2 scrolls of enchant armour {unknown}
 Q - a scroll of identify
Potions
 d - 3 potions of might
 h - 2 potions of brilliance {unknown}
 k - 3 potions of curing
 l - 3 potions of heal wounds {unknown}
 p - a potion of resistance
 x - 2 potions of attraction
 A - 2 potions of mutation {unknown}
 E - a potion of degeneration {unknown}
 O - a potion of lignification {unknown}


   Skills:
 * Level 10.6 Fighting
 + Level 12.0 Maces & Flails
 + Level 10.2 Armour
 + Level 4.6 Dodging
 + Level 1.4 Stealth
 + Level 8.0 Shields
 * Level 9.4 Invocations


You had 8 spell levels left.
You knew the following spells:

 Your Spells              Type           Power      Damage    Failure   Level
a - Wereblood             Tmut           0%         N/A       100%        2

Your spell library contained the following spells:

 Spells                   Type           Power      Damage    Failure   Level
 Apportation              Tloc           0%         N/A       100%        1
 Beastly Appendage        Tmut           0%         N/A       100%        1
 Magic Dart               Conj           0%         1d3       100%        1
 Necrotise                Necr           0%         1d4       100%        1
 Call Imp                 Summ           0%         N/A       100%        2
 Searing Ray              Conj           0%         2d4       100%        2
 Mephitic Cloud           Conj/Pois/Air  0%         N/A       100%        3
 Spider Form              Tmut/Pois      0%         N/A       100%        3
 Vhi's Electric Charge    Tloc/Air       0%         N/A       100%        3
 Fulminant Prism          Conj/Hex       0%         3d5       100%        4
 Alistair's Intoxication  Tmut/Pois      0%         N/A       100%        5
 Arcjolt                  Conj/Air       0%         1d10      100%        5
 Iskenderun's Battlesphe  Conj           0%         2d6       100%        5
 Iron Shot                Conj/Erth      0%         9d1       100%        6
 Spellforged Servitor     Conj/Summ      0%         N/A       100%        7
 Maxwell's Capacitive Co  Air            0%         ∞         100%        8


Dungeon Overview and Level Annotations

Branches:
Dungeon (12/15)            Temple (1/1) D:5            Lair (0/5) D:10
    Orc (0/2) D:9

Altars:
Ashenzari
Cheibriados
Dithmenos
Elyvilon
Fedhas
Gozag
Hepliaklqana
Kikubaaqudgha
Makhleb
Nemelex Xobeh
Okawaru
Qazlal
Ru
Sif Muna
Trog
Uskayaw
Vehumet
Wu Jian
Xom
Yredelemnul
Zin
The Shining One

Shops:
D:9 :   D:11 :


Innate Abilities, Weirdness & Mutations

You have a pair of horns on your head.
You reflexively headbutt those who attack you in melee.


Message History

You feel better.
Two slime creatures merge to form a very large slime creature.
A demon appears!
You swap places.
The very large slime creature hits your neqoxec!!
Your neqoxec hits the very large slime creature.
The very large slime creature closely misses your neqoxec.
Your neqoxec hits the very large slime creature!
The very large slime creature completely misses your neqoxec.
Your neqoxec hits the very large slime creature.
The very large slime creature completely misses your neqoxec.
Your neqoxec hits the very large slime creature!
The very large slime creature hits your neqoxec!!!
Your neqoxec dies!
Your neqoxec disappears in a puff of smoke!
Aiming: Major Destruction (3% risk of failure)
Press: ? - help, Shift-Dir - straight line, f/p - very large slime creature
Aim: a very large slime creature (heavily wounded)
The bolt of negative energy hits the very large slime creature!!
The very large slime creature is drained!
The very large slime creature is heavily wounded.
Aiming: Minor Destruction (0% risk of failure)
Press: ? - help, Shift-Dir - straight line, f/p - very large slime creature
Aim: a very large slime creature (purple smoke, heavily wounded, lightly drained)
The stone arrow misses the very large slime creature.
You whack the very large slime creature!
You headbutt the very large slime creature.
The very large slime creature is severely wounded.
You hit the very large slime creature.
You headbutt the very large slime creature, but do no damage.
The very large slime creature is severely wounded.
The very large slime creature hits you!
You whack the very large slime creature!
The very large slime creature is severely wounded.
The very large slime creature hits you!!!
* * * LOW HITPOINT WARNING * * *
Okay, then.
The very large slime creature attacks as you move away!
The very large slime creature hits you!!!
You die...

#.# #.# ##># #..# #.##
########+# #.#
#......... #.#
#.........
########J#####.......).
.......@....##.........
#######.###..'.........
#.# ####......... ###.#
##'####### ##...#
#.......# #..###
#######'## ##+#######
#...... #........#####
#...)..
#........'...###......


You could see a very large slime creature (drained).

Vanquished Creatures
  A two-headed ogre (D:10)
  A cyclops (D:11)
  A kobold demonologist (D:9)
  A komodo dragon (D:10)
  An unseen horror (D:11)
  3 trolls
  A hornet (D:6)
  A slime creature (D:12)
  2 shadows
  2 wraiths
  A water elemental (D:11)
  2 wyverns
  9 yaks
  A steam dragon (D:9)
  7 vampire mosquitoes (D:10)
  3 acid dragons
  2 water moccasins
  2 ice beasts
  4 black bears
  4 orc warriors
  7 ogres
  4 sky beasts
  4 centaurs
  A phantom (D:5)
  7 kobold brigands
  6 bullfrogs
  2 gnoll sergeants (D:7)
  2 scorpions
  7 wights
  16 killer bees
  2 electric eels (D:9)
  3 howler monkeys
  7 hounds
  A jelly (D:6)
  10 orc priests
  3 gnoll boudas
  A sleepcap (D:8)
  18 orc wizards
  2 scorpion zombies (D:4)
  An iguana (D:5)
  8 gnolls
  10 adders
  A white imp (D:7)
  2 adder skeletons (D:4)
  2 adder zombies (D:4)
  3 dart slugs
  55 orcs
  8 ball pythons
  4 endoplasms
  2 giant cockroaches
  7 goblins
  14 hobgoblins
  5 jackals
  4 quokkas
  7 bats
  6 frilled lizards (D:1)
  26 kobolds
  4 rats
321 creatures vanquished.

Vanquished Creatures (collateral kills)
  Urug (D:11)
  Lodul (D:11)
  3 ogres (D:11)
5 creatures vanquished.

Vanquished Creatures (others)
  21 fungi (D:10)
  44 plants
  A withered plant (D:4)
66 creatures vanquished.

Grand Total: 392 creatures vanquished

Notes
Turn   | Place    | Note
-------+----------+-------------------------------------------
     0 | D:1      | greenreed the Minotaur Fighter began the quest for the Orb.
     0 | D:1      | Reached XP level 1. HP: 19/19 MP: 0/0
   133 | D:1      | Reached XP level 2. HP: 27/27 MP: 1/1
   894 | D:2      | Reached XP level 3. HP: 32/33 MP: 2/2
  1017 | D:2      | Found a faded altar of an unknown god.
  1022 | D:2      | Got Plato's Commentary on Black Magic
  1274 | D:2      | Reached skill level 3 in Maces & Flails
  1613 | D:3      | Reached XP level 4. HP: 40/41 MP: 3/3
  1685 | D:3      | Reached skill level 1 in Dodging
  1921 | D:4      | Reached skill level 4 in Maces & Flails
  1925 | D:4      | Reached XP level 5. HP: 47/47 MP: 4/4
  2095 | D:4      | Noticed a black bear
  2101 | D:4      | Killed a black bear
  2162 | D:4      | Noticed an ogre
  2167 | D:4      | Killed an ogre
  2168 | D:4      | Reached skill level 5 in Fighting
  2168 | D:4      | Reached skill level 5 in Maces & Flails
  2168 | D:4      | Reached XP level 6. HP: 36/56 MP: 5/5
  2331 | D:4      | Identified the +0 leather armour of Insecurity {Fly rElec
                  | rC+}
  2855 | D:5      | Entered Level 5 of the Dungeon
  3018 | D:5      | Reached skill level 6 in Maces & Flails
  3018 | D:5      | Reached skill level 5 in Armour
  3018 | D:5      | Reached XP level 7. HP: 45/61 MP: 6/6
  3251 | D:5      | Reached skill level 7 in Maces & Flails
  3300 | D:5      | Found a staircase to the Ecumenical Temple.
  3309 | Temple   | Entered the Ecumenical Temple
  3445 | Temple   | Became a worshipper of Makhleb the Destroyer
  3665 | D:6      | Reached skill level 1 in Invocations
  3710 | D:6      | Reached skill level 5 in Shields
  3730 | D:6      | Reached XP level 8. HP: 70/71 MP: 7/7
  3738 | D:6      | Reached skill level 8 in Maces & Flails
  4340 | D:7      | Noticed a hornet
  4361 | D:6      | Killed a hornet
  4603 | D:7      | Reached skill level 1 in Stealth
  4649 | D:7      | Reached skill level 9 in Maces & Flails
  4650 | D:7      | Reached * piety under Makhleb
  4812 | D:7      | Reached XP level 9. HP: 72/79 MP: 10/10
  5820 | D:7      | Reached skill level 10 in Maces & Flails
  6331 | D:7      | Reached ** piety under Makhleb
  6880 | D:8      | Reached skill level 11 in Maces & Flails
  6910 | D:8      | Reached XP level 10. HP: 88/88 MP: 12/12
  7321 | D:9      | Found Eppiporph's Book Shoppe.
  7343 | D:9      | Bought a book of Changes for 270 gold pieces
  7346 | D:9      | Learned a level 2 spell: Wereblood
  7399 | D:9      | Reached *** piety under Makhleb
  7410 | D:9      | HP: 4/90 [killer bee (5)]
  7984 | D:9      | Reached skill level 5 in Invocations
  8055 | D:9      | Found a staircase to the Orcish Mines.
  8284 | D:9      | Reached skill level 12 in Maces & Flails
  8328 | D:9      | Noticed an orange demon
  8655 | D:9      | You fall into a shaft and drop 2 floors!
  8793 | D:11     | Reached **** piety under Makhleb
  8927 | D:10     | Entered Level 10 of the Dungeon
  9003 | D:9      | Reached XP level 11. HP: 96/97 MP: 15/15
  9331 | D:10     | Found a hide-covered altar of Uskayaw.
  9332 | D:10     | Found a blossoming altar of Fedhas.
  9369 | D:10     | Found a shimmering altar of Xom.
  9372 | D:10     | Found a hazy altar of Hepliaklqana.
  9374 | D:10     | Found a glowing golden altar of the Shining One.
  9380 | D:10     | Found an ancient bone altar of Kikubaaqudgha.
  9577 | D:10     | Found a staircase to the Lair.
 10033 | D:10     | Noticed a two-headed ogre
 10039 | D:10     | Killed a two-headed ogre
 10040 | D:10     | Reached skill level 10 in Fighting
 10174 | D:10     | Identified a scroll of acquirement
 10175 | D:10     | Acquired 963 gold pieces
 10594 | D:11     | Noticed Lodul
 10977 | D:11     | Found Pecataism's Book Shoppe.
 11048 | D:11     | Noticed Urug
 11062 | D:11     | Killed Urug
 11313 | D:11     | Found a snail-covered altar of Cheibriados.
 11649 | D:11     | Killed Lodul
 11650 | D:11     | Reached skill level 10 in Armour
 12206 | D:12     | Annihilated by a very large slime creature

Illustrated notes

Levels and vault maps discovered:
D:1:      dpeg_arrival_water_fire, layout_loops_ring, minmay_heptomino_o4
D:2:      layout_basic, shapermc_ecumenical_altar_rom_forum, st_stairs_7
D:3:      layout_basic
D:4:      layout_loops_corners, serial_undead, serial_undead_a, serial_undead_c,
          serial_undead_c, serial_undead_b
D:5:      layout_basic, minmay_temple_entry_stoned_glass
D:6:      layout_basic
D:7:      kennysheep_housing_project, layout_basic
D:8:      layout_basic
D:9:      lemuel_ice_spiral_2, layout_basic, erik_orc_2, serial_shops, shop,
          minmay_puff
D:10:     layout_loops_corners, nicolae_overflow_hallway_of_the_gods,
          due_lair_maze_entry_diamond
D:11:     layout_layer_cave, serial_shops, kennysheep_little_box,
          kennysheep_path_1, kennysheep_slug_shrine, uniq_urug, uniq_lodul
D:12:     layout_roguey
Temple:   nicolae_temple_elliptical

Skill      XL: |  1  2  3  4  5  6  7  8  9 10 11 |
---------------+----------------------------------+-----
Armour         | 4 5 6 7 8 10 | 10.2
Shields        | 4 5 6 7 8 |  8.0
Fighting       | 4 5 6 7 8 9 10 | 10.6
Maces & Flails | 3 4 5 6 7 9 11 12 | 12.0
Dodging        | 1 2 3 4 |  4.6
Invocations    | 1 2 4 7 9 |  9.4
Stealth        | 1 |  1.4

Action                     |  1- 3 |  4- 6 |  7- 9 | 10-12 || total
---------------------------+-------+-------+-------+-------++-------
  Melee: Flail             |   101 |    44 |       |       ||   145
         Headbutt          |    17 |    28 |    74 |    91 ||   210
         Whip              |       |    76 |   381 |   448 ||   905
 Invoke: Minor Destruction |       |       |       |    52 ||    52
         Lesser Servant of |       |       |       |     6 ||     6
         Major Destruction |       |       |       |     4 ||     4
    Use: Potion            |       |       |     3 |     5 ||     8
         Scroll            |       |       |       |    12 ||    12
 Armour: Scale mail        |    65 |    28 |       |       ||    93
         Chain mail        |       |     7 |   150 |   140 ||   297
         Leather armour    |       |       |       |     2 ||     2
  Dodge: Dodged            |    52 |    40 |   107 |   128 ||   327
  Block: Buckler           |    23 |    19 |    59 |    69 ||   170
         Tower shield      |       |       |       |    22 ||    22

Table legend: (Time is in decaauts)
 A = Elapsed time spent in this place.
 B = Non-inter-level travel time spent in this place.
 C = Inter-level travel time spent in this place.
 D = Time resting spent in this place.
 E = Time spent auto-exploring this place.
 F = Levels seen in this place.
 G = Mean time per level.
                   A        B        C        D        E       F      G
               +--------+--------+--------+--------+--------+-----+--------+
         Total |  11938 |  11356 |    582 |   1115 |   8056 |  13 |  918.3 |
       Dungeon |  11782 |  11235 |    547 |   1115 |   7948 |  12 |  981.8 |
        Temple |    156 |    121 |     35 |      0 |    108 |   1 |  156.0 |
               +--------+--------+--------+--------+--------+-----+--------+

Top non-repeatable levels by time:
    D:11: 1759 daAuts
     D:7: 1708 daAuts
     D:9: 1574 daAuts
    D:10: 1282 daAuts
     D:4: 974 daAuts
     D:6: 954 daAuts
     D:8: 857 daAuts
     D:1: 842 daAuts
     D:2: 762 daAuts
     D:5: 596 daAuts
     D:3: 311 daAuts
    D:12: 158 daAuts
  Temple: 156 daAuts
